 Dungeon Crawl Stone Soup version 0.31-a0-986-g5e6e4ef867 (webtiles) character file.

Game seed: 5785716900141796989

1467 dialectric the Ruffian (level 8, -5/80 HPs)
             Began as a Troll Shapeshifter on Nov 23, 2023.
             Was an Initiate of Yredelemnul.
             Killed by divine providence
             ... invoked by an orc priest
              (15 damage)
             ... on level 6 of the Dungeon.
             The game lasted 00:06:39 (3812 turns).

dialectric the Ruffian (Troll Shapeshifter)         Turns: 3812, Time: 00:06:40

Health: -5/80      AC:  4    Str: 23    XL:     8   Next: 48%
Magic:  7/7        EV: 11    Int:  6    God:    Yredelemnul [......]
Gold:   196        SH:  0    Dex: 11    Spells: 7/7 levels left

rFire   . .          .
                       - Unarmed
rCold   . . .        (no shield)
rNeg    . . .        a - +0 animal skin
rPois   .            (helmet currently unavailable)
rElec   .            (cloak currently unavailable)
rCorr   .            (gloves unavailable)
SInv    .            (boots unavailable)
Will    .....        (no amulet)
Stlth   +            r - +4 ring of slaying
HPRegen 1.13/turn    (no ring)
MPRegen 0.10/turn

%: no passive effects
@: lethally poisoned (-5 -> -5), beast-form
A: beast (slay +3), large, unfitting armour, claws 3, regeneration 1, shaggy fur
1, tough skin 1
a: Begin Untransformation, Renounce Religion, Recall Undead Harvest


You were on level 6 of the Dungeon.
You worshipped Yredelemnul.
Yredelemnul was noncommittal.
You were a hulking beast.
You visited 1 branch of the dungeon, and saw 6 of its levels.

You collected 216 gold pieces.
You spent 20 gold pieces at shops.

Inventory:

Missiles
 h - 2 curare-tipped darts
 o - 5 poisoned darts (quivered)
 v - 2 javelins
 x - a throwing net
Armour
 a - a +0 animal skin (worn)
Jewellery
 r - a +4 ring of slaying (left claw)
 w - a +6 ring of strength
Talismans
 c - a beast talisman
 d - a flux talisman
Wands
 m - a wand of quicksilver (6)
Scrolls
 e - 3 scrolls of teleportation {unknown}
 g - a scroll of poison {unknown}
 i - 14 scrolls of identify {unknown}
 j - a scroll of revelation {unknown}
 k - a scroll of blinking {unknown}
 p - a scroll of vulnerability {unknown}
 s - 2 scrolls of noise {unknown}
 t - a scroll of immolation {unknown}
 y - a scroll of enchant armour {unknown}
Potions
 b - 2 potions of lignification
 f - a potion of degeneration {unknown}
 l - 3 potions of mutation {unknown}
 n - a potion of enlightenment
 q - a potion of cancellation {unknown}
 u - a potion of heal wounds {unknown}


   Skills:
 - Level 5.0 Fighting
 + Level 4.4 Dodging
 + Level 5.8 Unarmed Combat
 + Level 5.4 Shapeshifting


You had 7 spell levels left.
You didn't know any spells.
Your spell library contained the following spells:

 Spells                   Type           Power      Damage    Failure   Level
 Apportation              Tloc           0%         N/A       45%         1
 Necrotise                Necr           0%         1d4       45%         1
 Summon Small Mammal      Summ           0%         N/A       45%         1


Dungeon Overview and Level Annotations

Branches:
Dungeon (6/15)             Temple (0/1) D:5

Altars:
Dithmenos
Vehumet
Wu Jian
Xom
Yredelemnul

Shops:
D:4 *   D:5 [


Innate Abilities, Weirdness & Mutations

You are a hulking beast.
Your limbs bulge with bestial killing power. (Slay +3)
You are too large for most types of armour.
You have claws for hands.
Your natural rate of healing is unusually fast.
You are covered in fur. (AC +1)
You have tough skin. (AC +1)


Message History

You scratch the ogre.
The ogre is almost dead.
The scorpion barely misses you.
The ogre hits you with a +0 giant spiked club!!
You claw the ogre!
You kill the ogre!
The scorpion stings you. x2
Unknown command.
You scratch something.
You hear some strange, mumbled words.
Something tries to affect you, but you resist.
The scorpion stings you.
You claw something! The scorpion stings you.
You are poisoned.
The scorpion poisons you!
You hear some strange, mumbled words.
A magic dart appears from out of thin air!
The magic dart hits you.
* * * LOW HITPOINT WARNING * * *
Unknown command.
You feel very sick.
Unknown command.
You mangle the scorpion!!
You kill the scorpion!
You feel sick.
You closely miss something.
You feel sick.
You mangle something!!
Reactivating autopickup.
You feel a bit more experienced.
The dead are walking!
You feel sick.
The orc priest calls down the wrath of Beogh upon you.
You struggle to resist.
You feel sick. Something hits you.
* * * LOW HITPOINT WARNING * * *
Something shocks you.
* * * LOW HITPOINT WARNING * * *
Deactivating autopickup; reactivate with Ctrl-A.
The orc priest calls down the wrath of Beogh upon you.
Beogh smites you!
You die...
Your body rises from the dead as a mindless zombie.

<.## ...##
####....##
........#
.>.......
#....!..$ #Z....#
##{...# ##ho####
##.### ##.## ##.##
##..# #######
#..## ###.(.....
##..#####.........
##..........#
######.....#


You could see an orc priest (ally target) and a friendly orc wizard zombie.

Vanquished Creatures
  A water moccasin (D:5)
  3 ogres
  A phantom (D:4)
  A scorpion (D:6)
  5 killer bees (D:4)
  A crimson imp (D:5)
  A howler monkey (D:4)
  A jelly (D:5)
  3 hounds
  A gnoll bouda (D:5)
  A sleepcap (D:6)
  Ijyb (D:3)
  2 iguanas (D:5)
  2 orc wizards
  4 gnolls (D:5)
  11 adders
  2 white imps
  An ufetubus (D:5)
  2 worms (D:3)
  2 dart slugs
  15 orcs
  2 bats (D:3)
  6 endoplasms
  7 goblins
  12 hobgoblins
  5 jackals (D:2)
  2 quokkas (D:4)
  8 ball pythons
  3 frilled lizards
  4 kobolds
  6 rats
116 creatures vanquished.

Vanquished Creatures (collateral kills)
  A killer bee (D:4)
  A jelly (D:5)
  An orc priest (D:4)
  A gnoll (D:5)
  A worm (D:5)
  A dart slug (D:2)
  An endoplasm (D:3)
  A goblin (D:2)
  2 hobgoblins
  A jackal (D:2)
  A quokka (D:2)
  A ball python (D:3)
  A kobold (D:2)
  2 rats (D:2)
16 creatures vanquished.

Vanquished Creatures (others)
  An ogre (D:5)
  A scorpion (D:5)
  A hound (D:5)
  A killer bee zombie (D:4)
  2 iguana zombies (D:5)
  An orc (D:5)
  A bat zombie (D:3)
  A gnoll zombie (D:5)
  A jackal (D:5)
  A hobgoblin zombie (D:3)
  A jackal zombie (D:2)
  3 orc zombies
15 creatures vanquished.

Grand Total: 147 creatures vanquished

Notes
Turn   | Place    | Note
-------+----------+-------------------------------------------
     0 | D:1      | dialectric the Troll Shapeshifter began the quest for the
                  | Orb.
     0 | D:1      | Reached XP level 1. HP: 18/18 MP: 0/0
   120 | D:1      | Found a faded altar of an unknown god.
   124 | D:1      | Reached skill level 1 in Fighting
   141 | D:1      | Reached XP level 2. HP: 27/27 MP: 1/1
   317 | D:1      | Prayed at the altar of an unknown god.
   317 | D:1      | Became a worshipper of Yredelemnul the Dark
   317 | D:1      | Reached * piety under Yredelemnul
  1016 | D:2      | Reached XP level 3. HP: 33/33 MP: 2/2
  1133 | D:2      | Found an ornate altar of the Wu Jian Council.
  1194 | D:2      | Reached XP level 4. HP: 42/42 MP: 3/3
  1251 | D:2      | Reached ** piety under Yredelemnul
  1690 | D:3      | Noticed Ijyb
  1698 | D:3      | Killed Ijyb
  1699 | D:3      | Reached XP level 5. HP: 25/49 MP: 4/4
  2088 | D:4      | Reached XP level 6. HP: 32/59 MP: 5/5
  2136 | D:4      | Found a radiant altar of Vehumet.
  2281 | D:4      | Found Muifaveu's CLEARANCE SALE!.
  2290 | D:4      | Bought a potion of enlightenment for 20 gold pieces
  2689 | D:5      | Entered Level 5 of the Dungeon
  2696 | D:5      | Reached XP level 7. HP: 67/67 MP: 6/6
  2914 | D:5      | Found a staircase to the Ecumenical Temple.
  2946 | D:5      | Reached skill level 5 in Unarmed Combat
  2992 | D:5      | Found a shadowy altar of Dithmenos.
  3062 | D:5      | Found a shimmering altar of Xom.
  3149 | D:5      | Reached XP level 8. HP: 9/79 MP: 7/7
  3385 | D:5      | Reached skill level 5 in Fighting
  3385 | D:5      | Reached skill level 5 in Shapeshifting
  3503 | D:5      | Found Pomuunnu's Antique Armour Emporium.
  3812 | D:6      | Killed from afar by an orc priest

Illustrated notes

Levels and vault maps discovered:
D:1:      minmay_arrival_semitransparent, layout_basic, serial_corexii_hall,
          corexii_hall_statues_l, corexii_hall_statues_i,
          chequers_hall_statues_corner_a, ebering_ecumenical_altar_rust
D:2:      layout_basic, basic_altar, chequers_decorated_corner, minmay_ruptured
D:3:      layout_rooms, uniq_ijyb
D:4:      layout_loops_ring, vehumet_crystals, nicolae_shop_clearance
D:5:      layout_cave_pools, mainiacjoe_overflow_24_doors, xom_confusion_cloud,
          minmay_temple_entry_glass, serial_shops,
          nicolae_shop_pleasant_corner_grove, minmay_fire_ice_demons
D:6:      layout_layer_cave, nicolae_uskayaw_en_pointe, uniq_maggie,
          uniq_eustachio

Skill      XL: |  1  2  3  4  5  6  7  8 |
---------------+-------------------------+-----
Fighting       | 1 2 3 4 5 |  5.0
Dodging        | 2 3 4 |  4.4
Unarmed Combat | 4 5 |  5.8
Shapeshifting  | 4 5 |  5.4

Action                     |  1- 3 |  4- 6 |  7- 9 || total
---------------------------+-------+-------+-------++-------
  Melee: Unarmed           |    72 |   118 |    86 ||   276
         Punch             |       |     4 |       ||     4
    Use: Potion            |       |       |     4 ||     4
   Stab: Sleeping          |       |     2 |     1 ||     3
 Armour: Animal skin       |    34 |    70 |   126 ||   230
  Dodge: Dodged            |    34 |    50 |    86 ||   170

Table legend: (Time is in decaauts)
 A = Elapsed time spent in this place.
 B = Non-inter-level travel time spent in this place.
 C = Inter-level travel time spent in this place.
 D = Time resting spent in this place.
 E = Time spent auto-exploring this place.
 F = Levels seen in this place.
 G = Mean time per level.
                   A        B        C        D        E       F      G
               +--------+--------+--------+--------+--------+-----+--------+
         Total |   3776 |   3569 |    207 |     82 |   2522 |   6 |  629.3 |
       Dungeon |   3776 |   3569 |    207 |     82 |   2522 |   6 |  629.3 |
               +--------+--------+--------+--------+--------+-----+--------+

Top non-repeatable levels by time:
     D:1: 998 daAuts
     D:4: 800 daAuts
     D:5: 789 daAuts
     D:2: 552 daAuts
     D:3: 505 daAuts
     D:6: 128 daAuts
